 Dungeon Crawl Stone Soup version 0.30.0-5-g1a98f26d00 (webtiles) character file.

Game seed: 12878196584749375845

4 greasedhog the Trooper (level 1, 0/14 HPs)
             Began as a Gargoyle Berserker on May 11, 2023.
             Was a Follower of Trog.
             Slain by a goblin
             ... wielding a +0 club
              (1 damage)
             ... on level 1 of the Dungeon.
             The game lasted 00:00:24 (328 turns).

greasedhog the Trooper (Gargoyle Berserker)          Turns: 328, Time: 00:00:25

Health: 0/14       AC:  4    Str: 20    XL:     1   Next: 70%
Magic:  1/1        EV: 11    Int:  7    God:    Trog [*.....]
Gold:   16         SH:  0    Dex:  9    Spells: 0/0 levels left

rFire   . . .        a - +0 mace
rCold   . . .        (no shield)
rNeg    + . .        b - +0 animal skin
rPois   ∞            (no helmet)
rElec   +            (no cloak)
rCorr   .            (no gloves)
SInv    .            (no boots)
Will    .....        (no amulet)
Stlth   +            (no ring)
HPRegen 0.22/turn    (no ring)
MPRegen 0.07/turn

%: no passive effects
@: no status effects
A: sickness immunity, AC +2, negative energy resistance 1, electricity
resistance, torment resistance 1, petrification resistance
a: Renounce Religion, Berserk


You were on level 1 of the Dungeon.
You worshipped Trog.
Trog was aware of your devotion.
You visited 1 branch of the dungeon, and saw 1 of its levels.

You collected 16 gold pieces.

Inventory:

Hand Weapons
 a - a +0 mace (weapon)
Armour
 b - a +0 animal skin (worn)
Scrolls
 c - a scroll of enchant armour {unknown}
 f - a scroll of summoning {unknown}
Potions
 d - a potion of attraction {unknown}
 e - a potion of might {unknown}


   Skills:
 + Level 3.4 Fighting
 * Level 3.2 Maces & Flails
 - Level 2.1 Armour
 - Level 1.5 Dodging


You couldn't memorise any spells.
You didn't know any spells.
Your spell library was empty.

Dungeon Overview and Level Annotations

Branches:
Dungeon (1/15)

Altars:


Innate Abilities, Weirdness & Mutations

You are immune to sickness and miasma.
Your stone body is resilient. (AC +2)
You are immune to poison.
You resist negative energy. (rN+)
You are resistant to electric shocks. (rElec)
You are resistant to unholy torment.
You are immune to petrification.


Message History

You hit the goblin.
The goblin is severely wounded.
The goblin hits you but does no damage. The goblin hits you with a +0 club.
You are too injured to fight recklessly!
You are too injured to fight recklessly!
You are too injured to fight recklessly!
You are too injured to fight recklessly!
A goblin is nearby!
A goblin is nearby!
You closely miss the goblin.
The goblin is severely wounded.
The goblin hits you but does no damage.
You barely miss the goblin.
The goblin is severely wounded.
The goblin closely misses you.
You closely miss the goblin.
The goblin is severely wounded.
The goblin misses you.
You closely miss the goblin.
The goblin is severely wounded.
The goblin hits you with a +0 club.
* * * LOW HITPOINT WARNING * * *
The goblin hits you with a +0 club.
* * * LOW HITPOINT WARNING * * *
You closely miss the goblin.
The goblin is severely wounded.
The goblin hits you but does no damage.
Unknown command.
You miss the goblin.
The goblin is severely wounded.
The goblin barely misses you.
You closely miss the goblin.
The goblin is severely wounded.
The goblin hits you but does no damage.
You hit the goblin but do no damage.
The goblin is severely wounded.
The goblin hits you with a +0 club.
* * * LOW HITPOINT WARNING * * *
The goblin hits you with a +0 club.
You die... #P.P.........P.# #P.PPPPPPPPPPP##

##.##†......###
#..........#
###
####.......#
###.. #.......#
..... #.......#
##.. #.......#
###...
#....@..#
......
#....g.......
##...
#........####
#.## #........#
.. #........#
######
...........
#.....
............#
#.....
............#
###### #####


You could see a goblin.

Vanquished Creatures
  A bat (D:1)
  A quokka (D:1)
  A ball python (D:1)
  2 rats (D:1)
5 creatures vanquished.

Notes
Turn   | Place    | Note
-------+----------+-------------------------------------------
     0 | D:1      | greasedhog the Gargoyle Berserker began the quest for the
                  | Orb.
     0 | D:1      | Reached XP level 1. HP: 14/14 MP: 1/1
   328 | D:1      | Slain by a goblin

Illustrated notes

Levels and vault maps discovered:
D:1:      heliophobic_arrival_enchanted_forest, layout_basic, minmay_hedge_maze

Action                     || total
---------------------------++-------
  Melee: Mace              ||    43
 Armour: Animal skin       ||     8
  Dodge: Dodged            ||    16
